 Dungeon Crawl Stone Soup version 0.31.0-32-g396128a36d (webtiles) character file.

Game seed: 16884404578102426154

40 spaghetti the Shooter (level 3, 0/32 HPs)
             Began as a Naga Hunter on Mar 12, 2024.
             Slain by a cerulean imp
             ... wielding a +0 spear
             ... summoned by Natasha
              (3 damage)
             ... on level 2 of the Dungeon.
             The game lasted 00:02:37 (1126 turns).

spaghetti the Shooter (Naga Hunter)                 Turns: 1126, Time: 00:02:38

Health: 0/32       AC:  3    Str: 13    XL:     3   Next: 50%
Magic:  3/3        EV:  9    Int:  9    God:
Gold:   66         SH:  0    Dex: 16    Spells: 2/2 levels left

rFire   . . .        a - +0 shortbow
rCold   . . .        (shield currently unavailable)
rNeg    . . .        c - +1 leather armour
rPois   +            (no helmet)
rElec   .            (no cloak)
rCorr   .            (no gloves)
SInv    +            (no barding)
Will    .....        (no amulet)
Stlth   ++           (no ring)
HPRegen 0.25/turn    (no ring)
MPRegen 0.08/turn

%: no passive effects
@: short of breath, very slow
A: AC +1, large, see invisible, deformed body, poison resistance, slowness 2,
spit poison 1, naga tail 1
a: Spit Poison


You were on level 2 of the Dungeon.
You visited 1 branch of the dungeon, and saw 2 of its levels.

You collected 66 gold pieces.

Inventory:

Hand Weapons
 a - a +0 shortbow (weapon)
 b - a +1 dagger of venom
Armour
 c - a +1 leather armour (worn)
Jewellery
 d - a ring of positive energy


   Skills:
 - Level 2.0 Fighting
 + Level 4.7 Ranged Weapons
 - Level 1.5 Dodging
 - Level 1.5 Stealth


You had 2 spell levels left.
You didn't know any spells.
Your spell library was empty.

Dungeon Overview and Level Annotations

Branches:
Dungeon (2/15)

Altars:

Annotations:
D:2 Natasha, Robin


Innate Abilities, Weirdness & Mutations

Your serpentine skin is tough. (AC +1)
You have supernaturally acute eyesight. (SInv)
Armour fits poorly on your strangely shaped body.
Your system is resistant to poisons. (rPois)
You cover ground very slowly.
You can spit poison.
You have a snake-like lower body.


Message History

You shoot an arrow. The goblin shouts!
The arrow hits the goblin.
You kill the goblin!
The goblin hits you with a +0 dagger.
You shoot an arrow. The arrow barely misses the goblin.
The arrow closely misses the goblin.
The arrow hits Natasha!
Natasha is severely wounded.
You have got your breath back.
Robin roars a battlecry!
The goblin goes into a battle-frenzy!
The goblin hits you with a +0 dagger.
You shoot an arrow. The arrow hits the goblin.
You kill the goblin!
Robin says, "A pitiful Naga like you will never find the ORB!"
Robin throws the goblin at you! The goblin barely misses you.
The cerulean imp hits you from afar with a +0 spear.
The goblin hits you with a +0 club. The goblin hits you with a +0 dagger.
* * * LOW HITPOINT WARNING * * *
An endoplasm comes into view.
You aren't carrying any potions.
You aren't carrying any scrolls.
Unknown command.
Aiming: Spit Poison (2% risk of failure)
Press: ? - help, Shift-Dir - straight line, f - goblin
Aim: a goblin, wielding a +0 dagger (strong, 50% to hit)
The splash of poison misses the goblin.
Natasha howls an incantation.
Natasha glows brightly for a moment.
The cerulean imp barely misses you. The goblin barely misses you.
The goblin hits you with a +0 dagger.
* * * LOW HITPOINT WARNING * * *
You aren't carrying any scrolls.
Unknown command.
You shoot an arrow. The arrow hits the goblin.
The goblin is severely wounded.
Natasha mumbles some strange words.
You feel disoriented.
The cerulean imp hits you from afar with a +0 spear.
You die...

#.#b..g....####.#
#.#
#.....b.........#
#.#
#b.b.....######
#.# ####..#.##.##
#.# ...gg.#.##.#
#.# ####..#.##.#
#####.#
##....†.....
#.....#
...........#
#g#####
#....#####.# #@#
.....# .# #g#
#...## #5# ##.#..


gh# #.#.## 5g# #.#.# ...# #.... ...# ....# You could see Robin, Natasha, 2
cerulean imps and 3 goblins.

Vanquished Creatures
  2 dart slugs (D:1)
  A bat (D:1)
  5 endoplasms
  A giant cockroach (D:1)
  7 goblins
  4 hobgoblins (D:2)
  2 jackals (D:2)
  2 quokkas
  3 ball pythons (D:1)
  3 rats
30 creatures vanquished.

Notes
Turn   | Place    | Note
-------+----------+-------------------------------------------
     0 | D:1      | spaghetti the Naga Hunter began the quest for the Orb.
     0 | D:1      | Reached XP level 1. HP: 19/19 MP: 1/1
   130 | D:1      | Reached skill level 4 in Ranged Weapons
   130 | D:1      | Reached XP level 2. HP: 5/26 MP: 2/2
   814 | D:2      | Reached XP level 3. HP: 32/32 MP: 3/3
   852 | D:2      | Noticed Natasha
  1113 | D:2      | Noticed Robin
  1126 | D:2      | Slain by a cerulean imp

Illustrated notes

Levels and vault maps discovered:
D:1:      dpeg_arrival_concentric_ovals, layout_loops_ring, serial_forest,
          infiniplex_forest_clump_medium, infiniplex_forest_end_1,
          infiniplex_forest_end_3, infiniplex_forest_clump_curved,
          infiniplex_forest_clump_curved, infiniplex_forest_end_2,
          infiniplex_forest_lined_3_way
D:2:      layout_loops_ring, basic_altar, uniq_natasha, uniq_robin

Skill      XL: |  1 |
---------------+----+-----
Ranged Weapons | 4 |  4.7
Fighting       | |  2.0
Dodging        | |  1.5
Stealth        | |  1.5

Action                     || total
---------------------------++-------
   Fire: Shortbow          ||    68
Ability: Spit Poison       ||     5
    Use: Scroll            ||     5
         Potion            ||     2
 Armour: Leather armour    ||    34
  Dodge: Dodged            ||    11
